 Dungeon Crawl Stone Soup version 0.17-a0-2147-gfb20a63 (webtiles) character file.

705 M4edhros the Charlatan (level 7, -4/43 HPs)
             Began as an Octopode Artificer on Oct 24, 2015.
             Slain by an ogre
             ... wielding a +0 giant club
              (15 damage)
             ... on level 5 of the Dungeon.
             The game lasted 00:05:49 (3654 turns).

M4edhros the Charlatan (Octopode Artificer)         Turns: 3654, Time: 00:05:50

Health: -4/43      AC:  1    Str: 11    XL:     7   Next: 67%
Magic:  12/12      EV: 12    Int: 14    God:
Gold:   86         SH:  0    Dex: 14    Spells: 0 memorised, 6 levels left

rFire  . . .     SeeInvis .     h - +0 spear (freeze)
rCold  . . .     Clarity  .     (no shield)
rNeg   . . .     SustAt   .     (helmet restricted)
rPois  +         Gourm    .     (no amulet)
rElec  .         Spirit   .     q - ring of poison resistance
rCorr  .         Warding  .     r - ring of teleportation (curse)
rMut   .         Rnd*Tele +     (no ring)
MR     .....                    (no ring)
Stlth  +++.......               (no ring)
                                (no ring)
                                (no ring)
                                (no ring)

@: not resistant to hostile enchantments, fairly stealthy
A: almost no armour, amphibious, 8 rings, constrict 8, camouflage 1, gelatinous
body 1
a: Evoke Teleportation


You were on level 5 of the Dungeon.
You were near starving.

You visited 1 branch of the dungeon, and saw 5 of its levels.
You also visited: Sewer.

You collected 86 gold pieces.

Inventory:

Hand Weapons
 a - a +0 short sword
 h - a +0 spear of freezing (weapon)
 k - a +0 blowgun
Missiles
 m - 10 poisoned needles
Jewellery
 q - a ring of poison resistance (left tentacle)
 r - a cursed ring of teleportation (right tentacle)
Wands
 b - a wand of flame (0)
 c - a wand of enslavement (10)
 d - a wand of random effects (0)
Scrolls
 f - 4 scrolls of identify {unknown}
 g - a scroll of magic mapping {unknown}
 i - a scroll of enchant weapon {unknown}
 l - 2 scrolls of teleportation {unknown}
 n - a scroll of recharging {unknown}
 u - 2 scrolls of remove curse {unknown}
 v - a scroll of fog {unknown}
 w - a scroll of amnesia {unknown}
Potions
 j - 3 potions of might {unknown}
 o - a potion of curing {unknown}
 p - a potion of cancellation {unknown}
 s - a potion of haste {unknown}
 x - a potion of berserk rage {unknown}
Comestibles
 e - 3 bread rations
 t - 7 fruits


   Skills:
 - Level 1.0 Fighting
 - Level 1.0 Short Blades
 + Level 4.8 Polearms
 - Level 2.0 Dodging
 - Level 1.3 Stealth
 + Level 7.8 Evocations


You had 6 spell levels left.
You didn't know any spells.

Dungeon Overview and Level Annotations

Branches:
Dungeon (5/15)
 Temple: D:4-7

Altars:
Dithmenos
Elyvilon
Trog

Shops:
D:4 *:


Innate Abilities, Weirdness & Mutations

You cannot wear most types of armour.
You are amphibious.
You can wear up to eight rings at the same time.
You can use your tentacles to constrict eight enemies at once.
Your skin changes colour to match your surroundings (Stealth).
Your rubbery body absorbs attacks (AC +1).


Message History

Press: ? - help, Dir - move target cursor, f/p - ogre
Aim: an ogre, wielding a giant club (hasn't noticed you)
You reach to attack!
You completely miss the ogre.
The ogre shouts!
You hit the ogre. You freeze the ogre.
The ogre is moderately wounded.
You hit the ogre but do no damage. You squeeze the ogre.
The ogre is moderately wounded.
The ogre misses you.
You hit the ogre but do no damage.
The ogre is moderately wounded.
The ogre hits you with a giant club.
* * * LOW HITPOINT WARNING * * *
You are too injured to fight recklessly!
You hit the ogre. You freeze the ogre.
The ogre is heavily wounded.
You hit the ogre but do no damage. You squeeze the ogre.
The ogre is severely wounded.
The ogre hits you with a giant club!
You die...

# #.# ###..# .#.#.#
#.##.# .....# ####.#
### .....###########
##.##
####...........###.#.##
#########......O@.###.#
#...#.#.#.####.###.#.##
..#...#...# #.# ##.##
#.#.#...#.####.# #.#
#.#.#...#.##...# #.#
..#...#..)##.### #.#
#...#.#.####.# #.#
######### #.######.#
#(#......#


You could see an ogre.

Vanquished Creatures
  An ogre (D:4)
  5 big kobolds (Sewer)
  A hound (D:4)
  Ijyb (D:3)
  An orc priest (D:3)
  A worker ant (D:4)
  2 gnolls
  7 river rats
  2 adders
  6 oozes
  3 worms (Sewer)
  A giant gecko (D:1)
  3 orcs (D:3)
  4 bats (D:1)
  3 giant cockroaches
  A goblin (D:2)
  A hobgoblin (D:1)
  3 kobolds
  2 quokkas
  5 ball pythons
  4 giant newts
  A jackal skeleton (D:4)
  9 rats
67 creatures vanquished.

Vanquished Creatures (collateral kills)
  A gnoll (D:5)
1 creature vanquished.

Vanquished Creatures (others)
  A gnoll (D:5)
  A hobgoblin (D:1)
  A giant newt (D:3)
3 creatures vanquished.

Grand Total: 71 creatures vanquished

Notes
Turn   | Place    | Note
--------------------------------------------------------------
     0 | D:1      | M4edhros the Octopode Artificer began the quest for the Orb.
     0 | D:1      | Reached XP level 1. HP: 13/13 MP: 3/3
    71 | D:1      | Reached XP level 2. HP: 1/18 MP: 4/4
   136 | D:1      | Reached skill level 4 in Evocations
   631 | D:1      | Reached XP level 3. HP: 23/23 MP: 6/6
   826 | D:3      | Noticed Ijyb
   833 | D:3      | Killed Ijyb
   833 | D:3      | Reached skill level 5 in Evocations
   849 | D:3      | Found a white marble altar of Elyvilon.
   877 | D:3      | Found a glowing drain.
   884 | D:3      | Reached XP level 4. HP: 28/28 MP: 7/7
   927 | Sewer    | Entered a sewer
  1057 | Sewer    | Reached skill level 1 in Polearms
  1268 | Sewer    | Noticed a big kobold
  1283 | Sewer    | Killed a big kobold
  1283 | Sewer    | Reached XP level 5. HP: 15/33 MP: 9/9
  1320 | Sewer    | Noticed a big kobold
  1456 | Sewer    | Killed a big kobold
  1456 | Sewer    | Reached skill level 6 in Evocations
  1482 | Sewer    | Reached XP level 6. HP: 14/38 MP: 10/10
  1574 | Sewer    | Noticed a big kobold
  1629 | Sewer    | Killed a big kobold
  2117 | Sewer    | Noticed a big kobold
  2117 | Sewer    | Noticed a big kobold
  2127 | Sewer    | Killed a big kobold
  2137 | Sewer    | Killed a big kobold
  2137 | Sewer    | Reached skill level 7 in Evocations
  2137 | Sewer    | Reached XP level 7. HP: 21/43 MP: 12/12
  2593 | D:3      | Found a shadowy altar of Dithmenos.
  2795 | D:4      | Found Osacahux's Book Shoppe.
  2944 | D:4      | Found Tuiwnaz's Assorted Antiques.
  3191 | D:4      | Found a bloodstained altar of Trog.
  3369 | D:5      | Entered Level 5 of the Dungeon
  3654 | D:5      | Slain by an ogre

Vault maps used:
D:1:      minmay_arrival_cross, serial_forest, infiniplex_forest_split,
          infiniplex_forest_clump_medium, infiniplex_forest_clump_medium,
          infiniplex_forest_clump_double, infiniplex_forest_clump_diagonal,
          infiniplex_forest_straight_3, infiniplex_forest_end_double
D:3:      elyvilon_altar_4, portal_sewer_entry_c, first_bread,
          grunt_dithmenos_smoke_and_mirrors, uniq_iyjb
D:4:      kennysheep_little_box, serial_shops, kennysheep_mini_moat, shop,
          minmay_misc_feat_four_crosses, hangedman_decor_opposing
D:5:      grunt_temple_overflow_holy_war, gammafunk_temple_overflow_statue,
          minmay_misc_feat_alley, uniq_pikel
Sewer:    sewer_co_tree

Action                   |  1- 3 |  4- 6 |  7- 9 || total
-------------------------+-------+-------+-------++-------
Melee: Short sword       |     9 |       |       ||     9
       Spear             |    30 |    85 |   103 ||   218
Evoke: Wand              |     8 |    17 |    10 ||    35
 Stab: Sleeping          |     7 |     5 |     7 ||    19
  Eat: Beef jerky        |       |     1 |     1 ||     2
       Chunk             |       |     1 |       ||     1
       Pizza             |       |       |     2 ||     2
